 Dungeon Crawl Stone Soup version 0.32-a0-616-g9348d4545b (webtiles) character file.

Game seed: 9422130725353580310

114 jestert79 the Ducker (level 4, -3/21 HPs)
             Began as a Spriggan Artificer on Mar 5, 2024.
             Slain by a gnoll
             ... wielding a +0 whip
              (5 damage)
             ... on level 2 of the Dungeon.
             The game lasted 00:06:02 (1347 turns).

jestert79 the Ducker (Spriggan Artificer)           Turns: 1347, Time: 00:06:02

Health: -3/21      AC:  2    Str:  4    XL:     4   Next: 67%
Magic:  5/5        EV: 20    Int: 18    God:
Gold:   78         SH:  0    Dex: 20    Spells: 3/3 levels left

rFire   . . .        l - +0 rapier
rCold   . . .        (no shield)
rNeg    . . .        b - +0 robe
rPois   +            (helmet restricted)
rElec   +            (no cloak)
rCorr   .            (gloves unavailable)
SInv    +            (boots unavailable)
Will    +....        (no amulet)
Stlth   +++          a - +6 ring of intelligence
HPRegen 0.23/turn    r - ring of Cuges {rElec rPois Will+ Str-4 Dex+3}
MPRegen 0.09/turn

%: no passive effects
@: studying Evocations, very quick
A: very small, no large weapons, unfitting armour, see invisible, speed 3
a: no special abilities


You were on level 2 of the Dungeon.
You visited 1 branch of the dungeon, and saw 2 of its levels.

You collected 78 gold pieces.

Inventory:

Hand Weapons
 f - a +0 dagger
 l - a +0 rapier (weapon)
Armour
 b - a +0 robe (worn)
Jewellery
 a - a +6 ring of intelligence (left hand)
 r - the ring of Cuges (right hand) {rElec rPois Will+ Str-4 Dex+3}
   (You found it on level 2 of the Dungeon)

   [ring of poison resistance]

   Str-4:     It affects your strength (-4).
   Dex+3:     It affects your dexterity (+3).
   rElec:     It insulates you from electricity.
   rPois:     It protects you from poison.
   Will+:     It increases your willpower.
Wands
 c - a wand of flame (9)
 d - a wand of charming (15)
 e - a wand of iceblast (4)
Scrolls
 g - 2 scrolls of teleportation {unknown}
 j - 2 scrolls of fog {unknown}
 k - a scroll of revelation {unknown}
 q - a scroll of poison {unknown}
Potions
 h - a potion of brilliance {unknown}
 i - a potion of haste {unknown}
 m - a potion of magic {unknown}
 n - a potion of ambrosia {unknown}
 o - a potion of cancellation {unknown}
 p - a potion of lignification {unknown}
 s - 2 potions of enlightenment {unknown}


   Skills:
 - Level 0.7 Fighting
 + Level 2.6 Short Blades
 + Level 4.6 Dodging
 + Level 4.3 Stealth
 - Level 4.0 Evocations


You had 3 spell levels left.
You didn't know any spells.
Your spell library was empty.

Dungeon Overview and Level Annotations

Branches:
Dungeon (2/15)

Altars:


Innate Abilities, Weirdness & Mutations

You are very small and have problems with some larger weapons.
You are too small for most types of armour.
You have supernaturally acute eyesight. (SInv)
You cover ground extremely quickly. (Speed+++)


Message History

You hit the adder.
The adder is almost dead.
The adder bites you.
You are poisoned.
The adder poisons you! The adder bites you.
You completely miss the adder.
The adder is almost dead.
You feel sick. The adder closely misses you.
You puncture the adder!
You kill the adder!
You feel sick.
You hit the gnoll but do no damage.
The gnoll is moderately wounded.
You feel sick. The gnoll misses you.
You puncture the gnoll!
The gnoll is almost dead.
You feel sick. The gnoll misses you.
You hit the gnoll but do no damage.
The gnoll is almost dead.
You feel sick. The gnoll barely misses you.
You closely miss the gnoll.
The gnoll is almost dead.
You feel sick.
You are no longer poisoned.
The gnoll hits you with a +0 whip.
* * * LOW HITPOINT WARNING * * *
You completely miss the gnoll.
The gnoll is almost dead.
The gnoll barely misses you.
You hit the gnoll but do no damage.
The gnoll is almost dead.
The gnoll closely misses you.
You completely miss the gnoll.
The gnoll is almost dead.
The gnoll hits you with a +0 whip.
* * * LOW HITPOINT WARNING * * *
You hit the gnoll but do no damage.
The gnoll is almost dead.
The gnoll hits you with a +0 whip.
You die...

#...........w###.
#.......###..###. #########
#................
##...#...###†...........###÷
##.......†.##..............#.
#...............((..........#
#............###..........#..
#........>...# #..........##.
##.........#@# #..........##.
##...#...##g# ##............
##########.###.(...........
#.##.......#####..
#...g......#[$[#..
####.)........#$($#..
#####.....##......#?))#..
#........####.....#####..
#........# ##...........


You could see a gnoll.

Vanquished Creatures
  Terence (D:2)
  2 gnolls (D:2)
  3 adders (D:2)
  2 dart slugs (D:2)
  2 ribbon worms (D:2)
  5 bats
  5 endoplasms
  3 giant cockroaches (D:1)
  2 goblins (D:2)
  2 hobgoblins (D:2)
  2 kobolds (D:1)
  A quokka (D:1)
  2 ball pythons (D:1)
  A frilled lizard (D:2)
  3 rats
36 creatures vanquished.

Notes
Turn   | Place    | Note
-------+----------+-------------------------------------------
     0 | D:1      | jestert79 the Spriggan Artificer began the quest for the
                  | Orb.
     0 | D:1      | Reached XP level 1. HP: 9/9 MP: 2/2
   335 | D:1      | Reached XP level 2. HP: 13/14 MP: 3/3
   342 | D:1      | Reached skill level 1 in Short Blades
   675 | D:2      | Noticed Terence
   679 | D:2      | Killed Terence
   680 | D:2      | Reached XP level 3. HP: 17/17 MP: 4/4
   833 | D:2      | Reached XP level 4. HP: 17/21 MP: 5/5
  1093 | D:2      | Identified the ring of Cuges {rElec rPois Will+ Str-4
                  | Dex+3}
  1346 | D:2      | HP: 1/21 [gnoll/+0 whip (5)]
  1347 | D:2      | Slain by a gnoll

Illustrated notes

Levels and vault maps discovered:
D:1:      heliophobic_arrival_dark_side_of_the_moon, layout_loops_ring
D:2:      layout_rooms, due_unseen_surprise, uniq_terence

Skill      XL: |  1  2  3  4 |
---------------+-------------+-----
Stealth        | 2 3 4 |  4.3
Short Blades   | 1 2 |  2.6
Dodging        | 4 |  4.6
Fighting       | |  0.7
Evocations     | |  4.0

Action                     |  1- 3 |  4- 6 || total
---------------------------+-------+-------++-------
  Melee: Dagger            |    57 |       ||    57
         Rapier            |    17 |    52 ||    69
  Throw: Dart              |       |     5 ||     5
  Evoke: Wand              |     6 |     1 ||     7
   Stab: Sleeping          |    10 |     1 ||    11
 Armour: Robe              |    19 |    20 ||    39
  Dodge: Dodged            |    53 |    44 ||    97

Table legend: (Time is in decaauts)
 A = Elapsed time spent in this place.
 B = Non-inter-level travel time spent in this place.
 C = Inter-level travel time spent in this place.
 D = Time resting spent in this place.
 E = Time spent auto-exploring this place.
 F = Levels seen in this place.
 G = Mean time per level.
                   A        B        C        D        E       F      G
               +--------+--------+--------+--------+--------+-----+--------+
         Total |    932 |    898 |     34 |     76 |    373 |   2 |  466.0 |
       Dungeon |    932 |    898 |     34 |     76 |    373 |   2 |  466.0 |
               +--------+--------+--------+--------+--------+-----+--------+

Top non-repeatable levels by time:
     D:1: 478 daAuts
     D:2: 453 daAuts
